 Dungeon Crawl Stone Soup version 0.28-b1-25-g9875b3fc8c (webtiles) character file.

Game seed: 6462697682135530751

556 crazypyro the Cudgeller (level 7, 0/52 HPs)
             Began as a Demonspawn Fighter on Feb 1, 2022.
             Slain by an iguana (1 damage)
             ... on level 6 of the Dungeon.
             The game lasted 00:03:57 (4377 turns).

crazypyro the Cudgeller (Demonspawn Fighter)        Turns: 4377, Time: 00:03:57

Health: 0/52       AC:  4    Str: 18    XL:     7   Next: 8%
Magic:  7/7        EV:  6    Int:  9    God:
Gold:   131        SH: 16    Dex: 13    Spells: 6/6 levels left

rFire   . . .      SeeInvis .   h - +1 whip (drain)
rCold   . . .      Faith    .   m - +0 tower shield
rNeg    . . .      Spirit   .   b - +0 scale mail
rPois   .          Reflect  .   (no helmet)
rElec   .          Harm     .   l - +0 cloak
rCorr   .          Rampage  .   (no gloves)
Will    .....                   (no boots)
Stlth   ..........              (no amulet)
HPRegen 0.17/turn               (no ring)
MPRegen 0.10/turn               (no ring)

@: corroded
A: large bone plates 1, ignite blood 1, demonic magic 1, demonic touch 1
a: no special abilities


You were on level 6 of the Dungeon.
You visited 1 branch of the dungeon, and saw 5 of its levels.

You collected 131 gold pieces.

Inventory:

Hand Weapons
 a - a +0 flail
 h - a +1 whip of draining (weapon)
Armour
 b - a +0 scale mail (worn)
 c - a +1 buckler
 l - a +0 cloak (worn)
 m - a +0 tower shield (worn)
Jewellery
 j - a ring of protection from cold
Scrolls
 e - a scroll of enchant armour
 f - 5 scrolls of identify
 g - a scroll of fear {unknown}
 i - 5 scrolls of teleportation
 k - a scroll of silence {unknown}
 o - a scroll of brand weapon {unknown}
Potions
 d - a potion of might
 n - 2 potions of heal wounds {unknown}


   Skills:
 - Level 3.0 Fighting
 * Level 5.6 Maces & Flails
 - Level 3.2 Armour
 - Level 2.5 Dodging
 + Level 3.6 Shields


You had 6 spell levels left.
You didn't know any spells.
Your spell library contained the following spells:

 Spells                   Type           Power      Damage    Failure   Level
 Sandblast                Erth           0%         2d4       100%        1
 Passwall                 Tmut/Erth      0%         N/A       100%        2
 Stone Arrow              Conj/Erth      0%         3d7       100%        3
 Airstrike                Air            0%         N/A       100%        4
 Summon Lightning Spire   Summ/Air       0%         N/A       100%        4
 Lightning Bolt           Conj/Air       0%         1d11      100%        5


Dungeon Overview and Level Annotations

Branches:
Dungeon (4/15)
 Temple: D:4-7

Altars:


Innate Abilities, Weirdness & Mutations

You are partially covered in large bone plates. (SH +4)
Your demonic aura sometimes causes spilled blood to erupt in flames.
Spells you cast may paralyse adjacent enemies.
Your touch may inflict minor irresistible damage on your foes.


Message History

The acid dragon is moderately wounded.
The acid dragon bites you.
* * * LOW HITPOINT WARNING * * *
The acid dragon claws you but does no damage.
You hit the acid dragon but do no damage.
The acid dragon is moderately wounded.
You block the acid dragon's attack. x2
You hit the acid dragon. You drain the acid dragon.
The acid dragon is severely wounded.
The acid dragon barely misses you. You block the acid dragon's attack.
You barely miss the acid dragon.
The acid dragon is severely wounded.
The acid dragon spits acid at you. You block the splash of acid.
You block the acid dragon's attack. The acid dragon completely misses you.
You hit the acid dragon. You drain the acid dragon.
The acid dragon is severely wounded.
The acid dragon is engulfed in blazing flames.
You kill the acid dragon!
You have reached level 7!
Your demonic ancestry asserts itself...
Large bone plates grow over parts of your arms.
The iguana bites you!
* * * LOW HITPOINT WARNING * * *
You hit the iguana.
The iguana is lightly wounded.
You block the iguana's attack.
You closely miss the iguana.
The iguana is lightly wounded.
The iguana bites you.
* * * LOW HITPOINT WARNING * * *
You hit the iguana but do no damage.
The iguana is lightly wounded.
You block the iguana's attack.
You hit the iguana but do no damage. You drain the iguana.
The iguana is moderately wounded.
The iguana bites you.
* * * LOW HITPOINT WARNING * * *
The iguana bites you.
You die...

#.##........
#.##.######.
..##........
####.#######
#........
#.#######
#.# #.# #@#
#l# #.# #.#
#.# ... #.#
#.#


You could see an iguana (drained).

Vanquished Creatures
  An acid dragon (D:6)
  An ice beast (D:6)
  An ogre (D:4)
  A howler monkey (D:4)
  Jessica (D:2)
  Natasha (twice) (D:2)
  An iguana (D:2)
  6 adders
  A worm (D:3)
  3 dart slugs
  7 orcs
  3 ball pythons
  5 endoplasms
  7 goblins
  10 hobgoblins
  A jackal (D:3)
  7 kobolds
  2 quokkas
  6 bats
  2 frilled lizards
  4 rats
72 creatures vanquished.

Notes
Turn   | Place    | Note
-------+----------+-------------------------------------------
     0 | D:1      | crazypyro the Demonspawn Fighter began the quest for the
                  | Orb.
     0 | D:1      | Reached XP level 1. HP: 18/18 MP: 1/1
    71 | D:1      | Reached skill level 2 in Maces & Flails
   190 | D:1      | Gained mutation: Your demonic aura sometimes causes spilled
                  | blood to erupt in flames. [demonic ancestry]
   190 | D:1      | Reached XP level 2. HP: 24/24 MP: 2/2
  1000 | D:1      | Reached skill level 1 in Dodging
  1419 | D:2      | Reached XP level 3. HP: 17/29 MP: 3/3
  1699 | D:2      | Reached skill level 3 in Maces & Flails
  2034 | D:2      | Gained mutation: Your touch may inflict minor irresistible
                  | damage on your foes. [demonic ancestry]
  2034 | D:2      | Reached XP level 4. HP: 34/35 MP: 4/4
  2075 | D:2      | Noticed Natasha
  2084 | D:2      | Killed Natasha
  2284 | D:2      | Noticed Jessica
  2291 | D:2      | Killed Jessica
  2763 | D:2      | Noticed Natasha
  2772 | D:2      | Killed Natasha
  2773 | D:2      | Gained mutation: Spells you cast may paralyse adjacent
                  | enemies. [demonic ancestry]
  2773 | D:2      | Reached XP level 5. HP: 33/41 MP: 5/5
  2914 | D:3      | Reached skill level 4 in Maces & Flails
  3904 | D:4      | Noticed an ogre
  3921 | D:4      | Killed an ogre
  3922 | D:4      | Reached XP level 6. HP: 31/47 MP: 6/6
  4174 | D:4      | You fall into a shaft and drop 2 floors!
  4174 | D:6      | Noticed an ice beast
  4188 | D:6      | Killed an ice beast
  4189 | D:6      | Reached skill level 5 in Maces & Flails
  4362 | D:6      | Noticed an acid dragon
  4372 | D:6      | Killed an acid dragon
  4373 | D:6      | Gained mutation: You are partially covered in large bone
                  | plates. (SH +4) [demonic ancestry]
  4373 | D:6      | Reached XP level 7. HP: 16/52 MP: 7/7
  4377 | D:6      | HP: 1/52 [iguana (6)]
  4377 | D:6      | Slain by an iguana

Illustrated notes

Levels and vault maps discovered:
D:1:      tarquinn_simple_flora_water_a, layout_loops_ring, columned_hall_lemuel
D:2:      layout_basic, uniq_jessica, uniq_natasha
D:3:      layout_basic, minmay_starry_boxes
D:4:      layout_basic, minmay_misc_feat_room
D:6:      layout_basic, minivault_22, hex_medium, uniq_eustachio

Skill      XL: |  1  2  3  4  5  6 |
---------------+-------------------+-----
Maces & Flails | 2 3 4 5 |  5.6
Dodging        | 1 2 |  2.5
Armour         | 3 |  3.2
Shields        | 3 |  3.6
Fighting       | |  3.0

Action                   |  1- 3 |  4- 6 |  7- 9 || total
-------------------------+-------+-------+-------++-------
Melee: Flail             |    89 |       |       ||    89
       Whip              |    22 |   170 |     4 ||   196
  Use: Scroll            |     5 |     2 |       ||     7
Armor: Scale mail        |    50 |    56 |       ||   106
Dodge: Dodged            |    52 |    62 |       ||   114
Block: Buckler           |    35 |    27 |       ||    62
       Tower shield      |       |    41 |     2 ||    43
